 Dungeon Crawl Stone Soup version 0.31-a0-200-gbc41564c69 (webtiles) character file.

Game seed: 4573255113902196422

382 qw the Skirmisher (level 6, -1/35 HPs)
             Began as a Deep Elf Hunter on June 25, 2023.
             Slain by a gnoll
             ... wielding a +0 whip
              (4 damage)
             ... on level 4 of the Dungeon.
             The game lasted 00:01:05 (2394 turns).

qw the Skirmisher (Deep Elf Hunter)                 Turns: 2394, Time: 00:01:06

Health: -1/35      AC:  5    Str: 10    XL:     6   Next: 47%
Magic:  8/8        EV: 11    Int: 14    God:
Gold:   50         SH:  0    Dex: 18    Spells: 5/5 levels left

rFire   . . .        Y - +0 shortbow (flame)
rCold   + . .        (shield currently unavailable)
rNeg    . . .        b - +0 ring mail
rPois   .            (no helmet)
rElec   .            (no cloak)
rCorr   .            (no gloves)
SInv    .            (no boots)
Will    .....        (no amulet)
Stlth   +            d - ring of protection from cold
HPRegen 0.25/turn    (no ring)
MPRegen 0.11/turn

%: no passive effects
@: no status effects
A: no striking features
a: no special abilities


You were on level 4 of the Dungeon.
You visited 1 branch of the dungeon, and saw 4 of its levels.

You collected 164 gold pieces.
You spent 114 gold pieces at shops.


   Skills:
 - Level 2.1 Fighting
 - Level 10.0 Ranged Weapons
 + Level 2.4 Dodging
 - Level 1.2 Stealth


You had 5 spell levels left.
You didn't know any spells.
Your spell library was empty.

Inventory:

Hand Weapons
 Y - a +0 shortbow of flaming (weapon)
Armour
 b - a +0 ring mail (worn)
Jewellery
 c - a ring of poison resistance
 d - a ring of protection from cold (left hand)
Scrolls
 h - 2 scrolls of identify
Potions
 a - a potion of berserk rage {unknown}
 e - a potion of curing {unknown}
 f - a potion of attraction {unknown}
 g - 2 potions of heal wounds {unknown}

Dungeon Overview and Level Annotations

Branches:
Dungeon (4/15)
 Temple: D:4-7

Altars:

Shops:
D:3 ?


Message History

You kill the gnoll!
You shoot an arrow. The arrow closely misses the gnoll.
You shoot an arrow. The arrow hits the gnoll.
The arrow burns the gnoll.
The gnoll is moderately wounded.
The gnoll hits you with a +0 flail!
You shoot an arrow. The arrow barely misses the gnoll.
The gnoll hits you with a +0 flail.
You shoot an arrow. The arrow hits the gnoll.
The arrow burns the gnoll.
The gnoll is heavily wounded.
The gnoll barely misses you.
A gnoll comes into view. It is wielding a +0 whip.
You shoot an arrow. The arrow barely misses the gnoll.
The gnoll completely misses you.
You shoot an arrow. The arrow hits the gnoll.
The arrow burns the gnoll.
The gnoll is almost dead.
The gnoll barely misses you.
You shoot an arrow. The arrow barely misses the gnoll.
The gnoll misses you.
You shoot an arrow. The arrow hits the gnoll!
The arrow burns the gnoll.
You kill the gnoll!
Your Ranged Weapons skill increases to level 10!
You shoot an arrow. The arrow barely misses the gnoll.
The gnoll hits you with a +0 club.
You shoot an arrow. The arrow hits the gnoll.
The arrow burns the gnoll.
The gnoll is moderately wounded.
The gnoll closely misses you.
You shoot an arrow. The arrow closely misses the gnoll.
The gnoll completely misses you. The gnoll hits you with a +0 club.
You shoot an arrow. The arrow barely misses the gnoll.
The gnoll misses you. The gnoll hits you with a +0 club.
You shoot an arrow. The arrow closely misses the gnoll.
The gnoll hits you with a +0 whip. The gnoll hits you with a +0 club.
You shoot an arrow.
The arrow hits the gnoll but does no damage.
The gnoll is moderately wounded.
The gnoll hits you with a +0 whip. The gnoll hits you with a +0 club.
You shoot an arrow. The arrow hits the gnoll.
The arrow burns the gnoll.
The gnoll is severely wounded.
The gnoll hits you with a +0 whip.
You die...

######
.....##
......
####..####
..... ##
##....####
.... .#
####....#
... >##
####.# ..
..## #.#
.# #..##
#.#####g#
##..####
#..##.@g#
.#.....##
##.#..###
[.......#
#.#.##
.........#
#)).#
.........#
###..#
..........
#..#
.........#
...).
.........#
......
.........#
#.......


You could see 2 gnolls.

Vanquished Creatures
  A scorpion (D:3)
  4 orc priests
  An orc wizard (D:4)
  2 iguanas (D:3)
  2 gnolls (D:4)
  3 adders
  2 dart slugs (D:1)
  8 orcs
  7 bats
  3 endoplasms
  4 giant cockroaches
  2 goblins (D:1)
  5 hobgoblins
  8 jackals
  11 kobolds
  4 quokkas
  7 ball pythons
  3 frilled lizards
  2 rats
79 creatures vanquished.

Notes
Turn   | Place    | Note
-------+----------+-------------------------------------------
     0 | D:1      | qw the Deep Elf Hunter began the quest for the Orb.
     0 | D:1      | Reached XP level 1. HP: 12/12 MP: 3/3
     0 | D:1      | 0 ||| qw: Version: 0.3-a-22-g0ed2b0b
     0 | D:1      | 0 ||| qw: Game counter: 5623
     0 | D:1      | 0 ||| qw: Melee chars always use a shield: true
     0 | D:1      | 0 ||| qw: God list: Okawaru
     0 | D:1      | 0 ||| qw: Allow faded altars: false
     0 | D:1      | 0 ||| qw: Do Orc after clearing Dungeon:15 true
     0 | D:1      | 0 ||| qw: Do second Lair branch before Depths: true
     0 | D:1      | 0 ||| qw: Lair rune preference: random
     0 | D:1      | 0 ||| qw: Goals: Normal
     0 | D:1      | 0 ||| PLANNING D:1-11
    81 | D:1      | Reached skill level 6 in Ranged Weapons
    81 | D:1      | Reached XP level 2. HP: 11/16 MP: 4/4
   252 | D:1      | 252 ||| Stepping ~*~*~tactically~*~*~ (outnumbered).
   254 | D:1      | 254 ||| Stepping ~*~*~tactically~*~*~ (outnumbered).
   256 | D:1      | 256 ||| FLEEEEING.
   258 | D:1      | 258 ||| FLEEEEING.
   262 | D:1      | 262 ||| FLEEEEING.
   265 | D:1      | 265 ||| FLEEEEING.
   266 | D:1      | 266 ||| FLEEEEING.
   317 | D:1      | 317 ||| DROPPING amulet of magic regeneration.
   318 | D:1      | 318 ||| DROPPING scroll of butterflies.
   520 | D:1      | Reached XP level 3. HP: 20/20 MP: 5/5
   716 | D:1      | 716 ||| UPGRADING to +0 ring mail.
   726 | D:1      | 726 ||| DROPPING +0 leather armour.
   727 | D:1      | 727 ||| READING scroll labelled VORELL QECYECHEMM.
   728 | D:1      | 728 ||| READING scroll labelled YMUVEPSION.
   729 | D:1      | 729 ||| READING scroll labelled EHYLOO PEGU.
   768 | D:2      | 768 ||| STAIRDANCE
   851 | D:2      | Reached skill level 7 in Ranged Weapons
  1259 | D:2      | 1259 ||| READING scroll labelled DYRCHE TACAIJAMM.
  1260 | D:2      | 1260 ||| READING scroll labelled LUMESKE IPLARPH.
  1364 | D:3      | Reached XP level 4. HP: 21/25 MP: 6/6
  1467 | D:3      | Noticed a scorpion
  1471 | D:3      | Killed a scorpion
  1472 | D:3      | Reached skill level 8 in Ranged Weapons
  1489 | D:3      | HP: 5/25 [orc/+0 short sword (2)]
  1495 | D:3      | Reached XP level 5. HP: 7/29 MP: 7/7
  1676 | D:3      | Reached skill level 9 in Ranged Weapons
  1679 | D:3      | Found a faded altar of an unknown god.
  1729 | D:3      | Found Afalyweu's Magic Scroll Boutique.
  1738 | D:3      | 1738 ||| BUYING scroll of brand weapon (114 gold).
  1738 | D:3      | Bought a scroll of brand weapon for 114 gold pieces
  1738 | D:3      | 1738 ||| SHOPLISTING scroll of identify (24 gold, have 8).
  1738 | D:3      | 1738 ||| READING scroll of brand weapon.
  1738 | D:3      | 1738 ||| BRANDING +0 shortbow.
  1836 | D:3      | Reached XP level 6. HP: 17/35 MP: 8/8
  2074 | D:3      | 2074 ||| UPGRADING to ring of protection from cold.
  2075 | D:3      | 2075 ||| READING scroll labelled ZEFANO YSCHOESO.
  2076 | D:3      | 2076 ||| DRINKING 2 grey potions.
  2118 | D:3      | 2118 ||| DROPPING potion of lignification.
  2276 | D:4      | 2276 ||| Stepping ~*~*~tactically~*~*~ (outnumbered).
  2388 | D:4      | Reached skill level 10 in Ranged Weapons
  2393 | D:4      | HP: 6/35 [gnoll/+0 whip (5)]
  2393 | D:4      | HP: 2/35 [gnoll/+0 club (4)]
  2394 | D:4      | Slain by a gnoll

Levels and vault maps discovered:
D:1:      minmay_arrival_arboretum_small, layout_basic, st_stairs_14,
          minmay_misc_feat_pillars, nicolae_the_louvre
D:2:      layout_rooms, minmay_pentomino_o2
D:3:      layout_loops_cross, serial_shops, shop,
          ebering_ecumenical_altar_petrified
D:4:      layout_rooms, kennysheep_orc_chapel

Skill      XL: |  1  2  3  4  5  6 |
---------------+-------------------+-----
Ranged Weapons | 6 7 8 9 10 | 10.0
Fighting       | 2 |  2.1
Dodging        | |  2.4
Stealth        | |  1.2

Action                     |  1- 3 |  4- 6 || total
---------------------------+-------+-------++-------
   Fire: Shortbow          |   125 |   117 ||   242
    Use: Scroll            |     5 |     2 ||     7
         Potion            |       |     1 ||     1
 Armour: Leather armour    |     4 |       ||     4
         Ring mail         |    19 |    12 ||    31
  Dodge: Dodged            |    49 |    33 ||    82

Table legend:
 A = Non-vault XP
 B = Vault XP
 C = Vault XP percentage of total XP
 D = Non-vault monster count
 E = Vault monster count
 F = Vault count percentage of total count
                 A         B        C        D         E       F
            +---------+---------+-------+---------+---------+-------
      Total |     542 |       4 |   0.7 |      76 |       3 |   3.8
            +---------+---------+-------+---------+---------+-------
        D:1 |      56 |       1 |   1.8 |      30 |       1 |   3.2
        D:2 |      27 |       3 |  10.0 |       9 |       2 |  18.2
        D:3 |     297 |       0 |   0.0 |      30 |       0 |   0.0
        D:4 |     162 |       0 |   0.0 |       7 |       0 |   0.0
            +---------+---------+-------+---------+---------+-------
